 Dungeon Crawl Stone Soup version 0.26-a0-651-gb41185065b (webtiles) character file.

Game seed: 13780285817976883301

502 karrick the Covert (level 7, 0/56 HPs)
             Began as a Gnoll Brigand on Sept 28, 2020.
             Shot with an arrow by a centaur (13 damage)
             ... on level 5 of the Dungeon.
             The game lasted 00:04:16 (3205 turns).

karrick the Covert (Gnoll Brigand)                  Turns: 3205, Time: 00:04:16

Health: 0/56       AC:  4    Str: 16    XL:     7   Next: 17%
Magic:  10/10      EV: 14    Int: 13    God:
Gold:   218        SH:  0    Dex: 16    Spells: 10/10 levels left

rFire    . . .     SeeInvis .   q - +3 flail (venom)
rCold    . . .     Faith    .   (no shield)
rNeg     . . .     Spirit   .   b - +0 robe
rPois    .         Reflect  .   (no helmet)
rElec    .         Harm     .   p - scarf {repulsion}
rCorr    .         Rampage  .   f - +1 pair of gloves
MR       .....                  (no boots)
Stlth    ++++......             (no amulet)
HPRegen  0.18/turn              (no ring)
MPRegen  0.12/turn              (no ring)

@: repel missiles
A: distributed training, fangs 1, strong nose
a: no special abilities


You were on level 5 of the Dungeon.
You visited 1 branch of the dungeon, and saw 5 of its levels.

You collected 218 gold pieces.

Inventory:

Hand Weapons
 a - a +2 dagger
 q - a +3 flail of venom (weapon)
Missiles
 d - 8 poisoned darts (quivered)
 e - 2 curare-tipped darts
Armour
 b - a +0 robe (worn)
 c - a +0 cloak
 f - a +1 pair of gloves (worn)
 h - a +0 cloak
 p - a scarf of repulsion (worn)
Jewellery
 l - an uncursed amulet of regeneration {unknown}
 v - a +6 ring of strength {unknown}
Wands
 w - a wand of random effects (31)
 x - a wand of polymorph (6)
 y - a wand of paralysis (3)
 z - a wand of enslavement (2)
Scrolls
 g - 3 scrolls of teleportation {unknown}
 i - 4 scrolls of identify {unknown}
 j - 4 scrolls of fear {unknown}
 k - 4 scrolls of magic mapping {unknown}
 m - 5 scrolls of remove curse {unknown}
 n - a scroll of enchant weapon {unknown}
 s - 4 scrolls of noise {unknown}
 u - a scroll of enchant armour {unknown}
Potions
 o - a potion of mutation {unknown}
 r - 2 potions of ambrosia {unknown}
 t - 4 potions of curing {unknown}


   Skills:
 + Level 5.1 Fighting
 + Level 5.1 Short Blades
 + Level 2.3 Long Blades
 + Level 2.3 Axes
 + Level 2.3 Maces & Flails
 + Level 2.3 Polearms
 + Level 2.3 Staves
 + Level 2.3 Slings
 + Level 2.3 Bows
 + Level 2.3 Crossbows
 + Level 5.1 Throwing
 + Level 2.3 Armour
 + Level 3.5 Dodging
 + Level 8.1 Stealth
 + Level 2.3 Shields
 + Level 2.3 Unarmed Combat
 + Level 2.3 Spellcasting
 + Level 1.9 Conjurations
 + Level 1.9 Hexes
 + Level 1.9 Summonings
 + Level 1.9 Necromancy
 + Level 1.9 Translocations
 + Level 1.9 Transmutations
 + Level 1.9 Fire Magic
 + Level 1.9 Ice Magic
 + Level 1.9 Air Magic
 + Level 1.9 Earth Magic
 + Level 1.9 Poison Magic
 + Level 2.5 Invocations
 + Level 2.3 Evocations


You had 10 spell levels left.
You didn't know any spells.
Your spell library contained the following spells:

 Spells                   Type           Power        Failure   Level
 Animate Skeleton         Necr           #.....       11%         1
 Apportation              Tloc           #.....       11%         1
 Corona                   Hex            #......      11%         1
 Summon Small Mammal      Summ           #...         11%         1


Dungeon Overview and Level Annotations

Branches:
Dungeon (5/15)
 Temple: D:4-7

Altars:
Nemelex Xobeh

Shops:
D:4 (

Annotations:
D:2 Natasha


Innate Abilities, Weirdness & Mutations

Your experience applies equally to all skills.
You have very sharp teeth.
Your uncanny sense of smell can sniff out nearby items.


Message History

The centaur hits you but does no damage.
You hit the centaur.
The centaur is poisoned.
The centaur is heavily wounded.
The centaur wields a +1 shortbow of flaming.
It bursts into flame!
The centaur shoots an arrow.
The arrow hits you! The arrow burns you. The centaur barely misses you.
You hear a shout!
You hit the centaur.
The centaur is severely wounded.
You hear a shout! x2
The centaur shoots an arrow.
The arrow hits you! The arrow burns you! The centaur barely misses you.
The centaur shoots an arrow.
The arrow misses you.
You are too injured to fight recklessly!
The centaur hits you!
* * * LOW HITPOINT WARNING * * *
You barely miss the centaur.
The centaur is almost dead.
The centaur shoots an arrow.
The arrow hits you!
You die...

#.. ∆ ..# ∆ ∆
#..# ∆ #...###
#..... ∆ .
###..... ..
#.....c#####...
###.##..(#......
.......@c.......
........<..(##..
.....#......#
.... #..........
...∆ #....(.#...
.. !.........# .
..#........#
...##.##....#
..#. ..# #....


You could see 2 centaurs.

Vanquished Creatures
  2 scorpions (D:4)
  A hound (D:4)
  2 orc priests (D:3)
  Terence (D:2)
  4 worker ants
  Natasha (twice) (D:2)
  7 adders
  A worm (D:2)
  4 leopard geckos
  5 orcs
  2 ball pythons
  7 giant cockroaches
  5 goblins
  3 hobgoblins
  3 jackals (D:3)
  2 quokkas
  7 bats
  6 frilled lizards
  6 kobolds
  A quokka skeleton (D:3)
  7 rats
78 creatures vanquished.

Vanquished Creatures (others)
  5 plants (D:2)
5 creatures vanquished.

Grand Total: 83 creatures vanquished

Notes
Turn   | Place    | Note
-------+----------+-------------------------------------------
     0 | D:1      | karrick the Gnoll Brigand began the quest for the Orb.
     0 | D:1      | Reached XP level 1. HP: 20/20 MP: 1/1
   272 | D:1      | Reached XP level 2. HP: 26/26 MP: 2/2
   666 | D:2      | Reached XP level 3. HP: 31/31 MP: 3/3
   833 | D:2      | Reached skill level 1 in Invocations
   878 | D:2      | Noticed Terence
   885 | D:2      | Killed Terence
   885 | D:2      | Reached skill level 1 in Long Blades
   885 | D:2      | Reached skill level 1 in Axes
   885 | D:2      | Reached skill level 1 in Maces & Flails
   885 | D:2      | Reached skill level 1 in Polearms
   885 | D:2      | Reached skill level 1 in Staves
   885 | D:2      | Reached skill level 1 in Slings
   885 | D:2      | Reached skill level 1 in Bows
   885 | D:2      | Reached skill level 1 in Crossbows
   885 | D:2      | Reached skill level 1 in Armour
   885 | D:2      | Reached skill level 1 in Shields
   885 | D:2      | Reached skill level 1 in Unarmed Combat
   885 | D:2      | Reached skill level 1 in Spellcasting
   885 | D:2      | Reached skill level 1 in Evocations
   885 | D:2      | Reached XP level 4. HP: 38/38 MP: 5/5
  1116 | D:2      | Noticed Natasha
  1127 | D:2      | Killed Natasha
  1127 | D:2      | Reached skill level 1 in Conjurations
  1127 | D:2      | Reached skill level 1 in Hexes
  1127 | D:2      | Reached skill level 1 in Summonings
  1127 | D:2      | Reached skill level 1 in Necromancy
  1127 | D:2      | Reached skill level 1 in Translocations
  1127 | D:2      | Reached skill level 1 in Transmutations
  1127 | D:2      | Reached skill level 1 in Fire Magic
  1127 | D:2      | Reached skill level 1 in Ice Magic
  1127 | D:2      | Reached skill level 1 in Air Magic
  1127 | D:2      | Reached skill level 1 in Earth Magic
  1127 | D:2      | Reached skill level 1 in Poison Magic
  1451 | D:2      | Noticed Natasha
  1459 | D:2      | Killed Natasha
  1459 | D:2      | Reached XP level 5. HP: 43/43 MP: 5/7
  1463 | D:2      | Noticed Natasha
  1464 | D:3      | Found a sparkling altar of Nemelex Xobeh.
  1854 | D:3      | Reached skill level 8 in Stealth
  1855 | D:3      | Reached XP level 6. HP: 16/50 MP: 8/8
  2518 | D:4      | Found Daesasa's Weapon Emporium.
  2548 | D:4      | Reached skill level 5 in Fighting
  2548 | D:4      | Reached skill level 5 in Short Blades
  2548 | D:4      | Reached skill level 5 in Throwing
  2799 | D:4      | Reached XP level 7. HP: 56/56 MP: 10/10
  3198 | D:5      | Entered Level 5 of the Dungeon
  3205 | D:5      | Shot with an arrow by a centaur

Illustrated notes

Levels and vault maps discovered:
D:1:      minmay_arrival_stair_chambers, layout_rooms
D:2:      layout_basic, serial_forest, infiniplex_forest_straight_3,
          infiniplex_forest_lined_1, infiniplex_forest_straight_2,
          infiniplex_forest_end_1, infiniplex_forest_clump_long,
          infiniplex_forest_corner_2, infiniplex_forest_clump_small,
          infiniplex_forest_pool, hangedman_feature_mirror, uniq_natasha,
          uniq_terence
D:3:      layout_basic, nemelex_xobeh_ov_fountains_minmay
D:4:      layout_cave_pools, serial_shops, nicolae_shop_trees, minmay_bent
D:5:      layout_cave_pools, led_xom_imps, minmay_temple_entry_gardened_gates,
          serial_gnoll_camp, gnoll_camp_mini_house, gnoll_camp_mini_hut,
          gnoll_camp_mini_hut, gnoll_camp_mini_basic, grunt_gozag_breadcrumbs

Skill      XL: |  1  2  3  4  5  6 |
---------------+-------------------+-----
Invocations    | 1 2 |  2.5
Long Blades    | 1 2 |  2.3
Axes           | 1 2 |  2.3
Maces & Flails | 1 2 |  2.3
Polearms       | 1 2 |  2.3
Staves         | 1 2 |  2.3
Slings         | 1 2 |  2.3
Bows           | 1 2 |  2.3
Crossbows      | 1 2 |  2.3
Armour         | 1 2 |  2.3
Shields        | 1 2 |  2.3
Unarmed Combat | 1 2 |  2.3
Spellcasting   | 1 2 |  2.3
Evocations     | 1 2 |  2.3
Conjurations   | 1 |  1.9
Hexes          | 1 |  1.9
Summonings     | 1 |  1.9
Necromancy     | 1 |  1.9
Translocations | 1 |  1.9
Transmutations | 1 |  1.9
Fire Magic     | 1 |  1.9
Ice Magic      | 1 |  1.9
Air Magic      | 1 |  1.9
Earth Magic    | 1 |  1.9
Poison Magic   | 1 |  1.9
Dodging        | 3 |  3.5
Stealth        | 8 |  8.1
Fighting       | 5 |  5.1
Short Blades   | 5 |  5.1
Throwing       | 5 |  5.1

Action                   |  1- 3 |  4- 6 |  7- 9 || total
-------------------------+-------+-------+-------++-------
Melee: Dagger            |    71 |       |       ||    71
       Bite              |     8 |    13 |       ||    21
       Flail             |       |    97 |    16 ||   113
       Punch             |       |     1 |       ||     1
 Stab: Sleeping          |    11 |    19 |     1 ||    31
       Distracted        |       |     1 |       ||     1
Armor: Robe              |    15 |    27 |     5 ||    47
Dodge: Dodged            |    40 |    79 |    20 ||   139

Table legend: (Time is in decaauts)
 A = Elapsed time spent in this place.
 B = Non-inter-level travel time spent in this place.
 C = Inter-level travel time spent in this place.
 D = Time resting spent in this place.
 E = Time spent auto-exploring this place.
 F = Levels seen in this place.
 G = Mean time per level.
                   A        B        C        D        E       F      G
               +--------+--------+--------+--------+--------+-----+--------+
         Total |   3225 |   3100 |    125 |    125 |   2387 |   5 |  645.0 |
       Dungeon |   3225 |   3100 |    125 |    125 |   2387 |   5 |  645.0 |
               +--------+--------+--------+--------+--------+-----+--------+

Top non-repeatable levels by time:
     D:3: 1056 daAuts
     D:2: 846 daAuts
     D:4: 707 daAuts
     D:1: 607 daAuts
     D:5: 7 daAuts
